 Dungeon Crawl Stone Soup version 0.21-a0-517-gd76cfe0 (webtiles) character file.

81 slep the Chopper (level 4, -7/23 HPs)
             Began as a Vine Stalker Gladiator on Dec 4, 2017.
             Mangled by Terence
             ... wielding a +0 mace
              (9 damage)
             ... on level 2 of the Dungeon.
             The game lasted 00:04:29 (754 turns).

slep the Chopper (Vine Stalker Gladiator)            Turns: 754, Time: 00:04:30

Health: -7/23      AC:  6    Str: 17    XL:     4   Next: 40%
Magic:  0/5        EV: 12    Int: 12    God:
Gold:   83         SH:  0    Dex: 21    Spells: 3/3 levels left

rFire    . . .     SeeInvis .   a - +0 war axe
rCold    . . .     Gourm    .   (no shield)
rNeg     . . .     Faith    .   p - +0 ring mail
rPois    .         Spirit   +   c - +0 helmet
rElec    .         Reflect  .   (no cloak)
rCorr    .         Harm     .   (no gloves)
MR       .....                  (no boots)
Stlth    +.........             (no amulet)
HPRegen  0.47/turn              k - +4 ring of intelligence
MPRegen  0.09/turn              s - +5 ring of dexterity

@: no status effects
A: fangs 2, regeneration 1, magic shield, antimagic bite, no potion heal 3, rot
immunity
a: no special abilities


You were on level 2 of the Dungeon.
You were not hungry.

You visited 1 branch of the dungeon, and saw 2 of its levels.

You collected 83 gold pieces.

Inventory:

Hand Weapons
 a - a +0 war axe (weapon)
 g - a +0 flail of crushing
Missiles
 d - 3 throwing nets (quivered)
Armour
 b - a +0 leather armour
 c - a +0 helmet (worn)
 e - a +0 pair of gloves
 p - a +0 ring mail (worn)
Jewellery
 k - a +4 ring of intelligence (left hand)
 s - a +5 ring of dexterity (right hand)
Scrolls
 h - 3 scrolls of teleportation {unknown}
 i - a scroll of immolation {unknown}
 l - 2 scrolls of noise {unknown}
 m - 2 scrolls of enchant armour {unknown}
 n - a scroll of amnesia {unknown}
 q - 2 scrolls of remove curse {unknown}
 t - a scroll of enchant weapon {unknown}
 u - a scroll of blinking {unknown}
 v - a scroll of identify {unknown}
Potions
 r - a potion of curing
Comestibles
 f - 2 bread rations
 j - 2 meat rations
 o - a royal jelly


   Skills:
 + Level 2.1 Fighting
 + Level 3.8 Axes
 + Level 1.8 Throwing
 + Level 0.5 Armour
 + Level 2.9 Dodging
 + Level 0.6 Stealth


You had 3 spell levels left.
You didn't know any spells.

Dungeon Overview and Level Annotations

Branches:
Dungeon (2/15)

Altars:

Annotations:
D:2 Terence


Innate Abilities, Weirdness & Mutations

You have extremely sharp teeth.
Your natural rate of healing is unusually fast.
When hurt, damage is shared between your health and your magic reserves.
Your bite disrupts and absorbs the magic of your enemies.
Potions cannot restore your health.
You are immune to rotting.


Message History

You barely miss Terence.
Terence is heavily wounded.
Terence barely misses you. Terence hits you with a mace.
You hit Terence. You bite Terence. You drain his power.
You feel invigorated.
Terence is severely wounded.
Terence barely misses you.
You hit Terence. Your bite misses Terence.
Terence is severely wounded.
Terence closely misses you. Terence barely misses you.
You hit Terence. You bite Terence. You drain his power.
Terence is almost dead.
Terence hits you with a mace.
You hit Terence.
Terence is almost dead.
Terence hits you with a mace! x2
* * * LOW HITPOINT WARNING * * *
You barely miss Terence. Your bite misses Terence.
Terence is almost dead.
Terence barely misses you. Terence hits you with a mace!
You die...

.#..†...#
#.......#
.#....<.#
##'######
.#.####.#
##)#######
.#......#
#........#
.########
#........# >.
#........# .##
#........# ..
#####........#
+.......@...###
#####...@...#
#.?)...[#
#.......#
#......"#
#....%..#
#########


You could see Terence (berserk).

Vanquished Creatures
  A gnoll (D:1)
  2 adders (D:2)
  2 worms (D:2)
  3 dart slugs (D:1)
  A leopard gecko (D:2)
  5 giant cockroaches
  A hobgoblin (D:1)
  6 kobolds
  4 bats
  A frilled lizard (D:2)
  9 goblins
  5 rats
40 creatures vanquished.

Notes
Turn   | Place    | Note
-------+----------+-------------------------------------------
     0 | D:1      | slep the Vine Stalker Gladiator began the quest for the Orb.
     0 | D:1      | Reached XP level 1. HP: 11/11 MP: 2/2
    18 | D:1      | Reached skill level 3 in Axes
    18 | D:1      | Reached XP level 2. HP: 4/15 MP: 0/3
   137 | D:1      | Reached XP level 3. HP: 10/18 MP: 4/4
   680 | D:2      | Gained mutation: Your natural rate of healing is unusually fast. [Vine Stalker growth]
   680 | D:2      | Reached XP level 4. HP: 17/23 MP: 5/5
   739 | D:2      | Noticed Terence
   753 | D:2      | HP: 1/23 [Terence/mace (6)]
   754 | D:2      | Mangled by Terence

Vault maps used:
D:1:      minmay_arrival_five_plusses
D:2:      uniq_terence

Skill      XL: |  1  2  3 |
---------------+----------+-----
Axes           | 3 |  3.8
Fighting       | 2 |  2.1
Throwing       | |  1.8
Armour         | |  0.5
Dodging        | |  2.9
Stealth        | |  0.6

Action                   |  1- 3 |  4- 6 || total
-------------------------+-------+-------++-------
Melee: War axe           |    69 |    19 ||    88
       Bite              |    28 |    10 ||    38
       Flail             |     3 |       ||     3
  Use: Potion            |       |     1 ||     1
 Stab: Sleeping          |     2 |     1 ||     3
Armor: Leather armour    |     8 |       ||     8
       Ring mail         |    18 |     5 ||    23
Dodge: Dodged            |    57 |     9 ||    66

Table legend:
 A = Spawn XP
 B = Non-spawn XP
 C = Spawn XP percentage of total XP
 D = Spawn monster count
 E = Non-spawn monster count
 F = Spawn count percentage of total count
 G = Total turns spent on level
                    A         B        C        D         E        F      G
               +---------+---------+-------+---------+---------+-------+---------
         Total |       0 |     116 |   0.0 |       0 |      40 |   0.0 |   754
               +---------+---------+-------+---------+---------+-------+---------
           D:1 |       0 |      61 |   0.0 |       0 |      25 |   0.0 |   505
           D:2 |       0 |      55 |   0.0 |       0 |      15 |   0.0 |   249
               +---------+---------+-------+---------+---------+-------+---------
